 Dungeon Crawl Stone Soup version 0.27-a0-1196-g3e9cee4cb2 (webtiles) character file.

Game seed: 3866333035324350754

52669 Kold the Black Belt (level 14, -3/95 HPs)
             Began as a Demonspawn Monk on May 28, 2021.
             Was a High Priest of Makhleb.
             Slain by a sixfirhy (12 damage)
             ... summoned by an orc sorcerer
             ... while paralysed by an orc sorcerer
             ... on level 2 of the Orcish Mines.
             The game lasted 01:03:01 (26301 turns).

Kold the Black Belt (Demonspawn Monk)              Turns: 26301, Time: 01:03:02

Health: -3/95      AC:  8    Str: 13      XL:     14   Next: 28%
Magic:  21/21      EV:  2    Int: 11 (12) God:    Makhleb [*****.]
Gold:   1256       SH:  0    Dex: 27      Spells: 13/13 levels left

rFire    + . .     SeeInvis .     - Unarmed
rCold    . . .     Faith    .   (no shield)
rNeg     . . .     Spirit   .   s - +1 steam dragon scales
rPois    .         Reflect  +   (helmet restricted)
rElec    .         Harm     .   (no cloak)
rCorr    .         Rampage  .   (no gloves)
Will     +....                  L - +0 pair of boots
Stlth    +++.......             C - amulet of reflection
HPRegen  0.25/turn              y - +6 ring of dexterity
MPRegen  0.17/turn              Q - ring of protection from fire

@: paralysed
A: antennae 1, claws 1, hooves 2, powered by pain 1, spiny 2, agile 1
a: Renounce Religion, Minor Destruction, Lesser Servant of Makhleb, Major
Destruction, Greater Servant of Makhleb


You were on level 2 of the Orcish Mines.
You worshipped Makhleb.
Makhleb was extremely pleased with you.
You visited 3 branches of the dungeon, and saw 19 of its levels.
You also visited: Ossuary.

You collected 2761 gold pieces.
You spent 1505 gold pieces at shops.

Inventory:

Missiles
 b - 14 atropa-tipped darts
 O - 2 curare-tipped darts
Armour
 g - a +1 robe of willpower
 s - +1 steam dragon scales (worn)
 u - +0 acid dragon scales
 z - a +1 pair of gloves
 B - the +3 leather armour of Leaves {rF++ Str-5}
   (You found it on level 8 of the Dungeon)

   It affects your strength (-5).
   It greatly protects you from fire.
 E - a +0 cloak
 F - a +2 robe of cold resistance
 L - a +0 pair of boots (worn)
Jewellery
 d - an amulet of guardian spirit
 p - an amulet of faith
 q - an amulet of the acrobat
 y - a +6 ring of dexterity (left claw)
 C - an amulet of reflection (around neck)
 D - a ring of positive energy
 H - a ring of willpower
 J - a ring of positive energy
 M - a ring of resist corrosion
 Q - a ring of protection from fire (right claw)
Wands
 a - a wand of iceblast (22)
 n - a wand of paralysis (24)
 o - a wand of acid (12)
 v - a wand of flame (73)
 K - a wand of mindburst (13)
Scrolls
 c - 7 scrolls of identify
 e - 4 scrolls of teleportation
 f - 2 scrolls of blinking
 k - 2 scrolls of amnesia
 r - 3 scrolls of enchant armour
 G - 2 scrolls of magic mapping
 I - a scroll of fog
 N - a scroll of summoning
Potions
 h - a potion of berserk rage
 j - 3 potions of might
 l - 14 potions of curing
 m - 6 potions of lignification
 t - 4 potions of heal wounds
 w - 2 potions of magic
 x - a potion of flight
 A - 3 potions of mutation
Miscellaneous
 i - a lightning rod (4/4)


   Skills:
 + Level 4.2 Fighting
 - Level 5.0 Armour
 + Level 13.8 Dodging
 - Level 2.0 Stealth
 + Level 15.7 Unarmed Combat
 - Level 10.0 Invocations


You had 13 spell levels left.
You didn't know any spells.
Your spell library contained the following spells:

 Spells                   Type           Power      Damage    Failure   Level
 Beastly Appendage        Tmut           0%         N/A       34%         1
 Corona                   Hex            0%         N/A       34%         1
 Foxfire                  Conj/Fire      0%         2x1d4     34%         1
 Magic Dart               Conj           0%         1d3       34%         1
 Ensorcelled Hibernation  Hex/Ice        0%         N/A       47%         2
 Passwall                 Tmut/Erth      0%         N/A       47%         2
 Searing Ray              Conj           0%         3d3       47%         2
 Slow                     Hex            0%         N/A       47%         2
 Wereblood                Tmut           0%         N/A       47%         2
 Confusing Touch          Hex            0%         N/A       71%         3
 Conjure Flame            Conj/Fire      0%         6-21      71%         3
 Dazzling Flash           Conj/Hex       0%         N/A       71%         3
 Gell's Gravitas          Tloc           0%         N/A       71%         3
 Inner Flame              Hex/Fire       0%         N/A       71%         3
 Portal Projectile        Hex/Tloc       0%         N/A       71%         3
 Spider Form              Tmut/Pois      0%         N/A       71%         3
 Swiftness                Air            0%         N/A       71%         3
 Tukima's Dance           Hex            0%         N/A       71%         3
 Cause Fear               Hex            0%         N/A       98%         4
 Fulminant Prism          Conj/Hex       0%         3d6       98%         4
 Hailstorm                Conj/Ice       0%         3d3       98%         4
 Ice Form                 Ice/Tmut       0%         N/A       98%         4
 Iskenderun's Mystic Bla  Conj/Tloc      0%         2d3       98%         4
 Leda's Liquefaction      Hex/Erth       0%         N/A       98%         4
 Passage of Golubria      Tloc           N/A        N/A       98%         4
 Petrify                  Tmut/Erth      0%         N/A       98%         4
 Sticky Flame             Conj/Fire      0%         2d3       98%         4
 Bolt of Magma            Conj/Fire/Erth 0%         4d4       100%        5
 Fireball                 Conj/Fire      0%         3d3       100%        5
 Hydra Form               Tmut           0%         N/A       100%        5
 Iskenderun's Battlesphe  Conj           0%         2d6       100%        5
 Lee's Rapid Deconstruct  Erth           0%         3d5*      100%        5
 Metabolic Englaciation   Hex/Ice        0%         N/A       100%        5
 Yara's Violent Unravell  Hex/Tmut       0%         3d3       100%        5
 Invisibility             Hex            0%         N/A       100%        6
 Iron Shot                Conj/Erth      0%         9d1       100%        6
 Malign Gateway           Summ/Tloc      0%         N/A       100%        7
 Orb of Destruction       Conj           0%         N/A       100%        7
 Spellforged Servitor     Conj/Summ      0%         N/A       100%        7


Dungeon Overview and Level Annotations

Branches:
Dungeon (11/15)            Temple (0/1) D:4            Lair (6/6) D:9
 Shoals (0/4) Lair:3       Spider (0/4) Lair:3        Slime (0/5) Lair:6
    Orc (2/2) D:9             Elf (0/3) Orc:2       Ossuary (visited)

Altars:
Ashenzari
Dithmenos
Gozag
Hepliaklqana
Makhleb
Nemelex Xobeh
Sif Muna
Trog
Uskayaw
Xom
Jiyva

Shops:
D:2 *   D:3 *   D:5 ??=   D:8 (   D:11 ?   Orc:2 [:

Portals:
Trove: D:11 (give 2 scrolls of acquirement)

Annotations:
Lair:4 exclusion: oklob plant


Innate Abilities, Weirdness & Mutations

You have a pair of small antennae on your head.
You have sharp fingernails.
You have hoof-like feet.
You sometimes gain a little power by taking damage.
You are mostly covered in sharp spines.
You are agile. (Dex +2)


Message History

An orc warrior comes into view. It is wielding a +0 long sword.
You claw the orc warlord!
You claw the orc warlord, but do no damage.
The orc warlord is severely wounded.
You scratch the orc warlord.
The orc warlord is severely wounded.
The orc high priest prays.
The orc high priest calls upon Beogh to heal the orc sorcerer.
The orc sorcerer is healed somewhat.
The orc high priest calls upon Beogh to heal the orc sorcerer.
The orc sorcerer is healed somewhat.
The orc sorcerer gestures at you while chanting.
You suddenly lose the ability to move!
The orc warlord hits you with a +0 great sword!
The orc high priest yells noisily.
Your neqoxec hits the orc warlord.
The orc sorcerer shouts, "You are history!"
The orc sorcerer casts a spell.
The orc warlord hits your neqoxec with a +0 great sword!
Your neqoxec hits the orc warlord!
The orc warlord hits your neqoxec with a +0 great sword!!
Your neqoxec dies!
The orc warlord shouts!
You hear a shout!
The orc high priest mumbles some strange prayers to Beogh.
An orc warrior comes into view. It is wielding a +0 hand axe.
The sixfirhy is struck by your spines.
The sixfirhy hits you but does no damage.
The orc warlord hits you with a +0 great sword!!
The orc warlord is no longer covered in acid.
The sixfirhy is struck by your spines.
The sixfirhy hits you but does no damage.
The sixfirhy hits you! The sixfirhy shocks you!
The sixfirhy is struck by your spines. The sixfirhy hits you.
The sixfirhy shocks you!
* * * LOW HITPOINT WARNING * * *
The sixfirhy hits you!
* * * LOW HITPOINT WARNING * * *
The sixfirhy shocks you!
You die...

.............)).....#.#.
..............[.........
................[...#.#.
..).....................
...o...[................
...4.o.P..P.....###.....
#..4.o...........#......
...Po.38..P........[.#..
.o...Po@...^.....#....#.
#.......∩...............
.#..........P...#.......
...............###).[#..
...........PP....##<#.#.
.......P.P.........)..).
..#.##..P...#........)..
..#.....................
......................


You could see an orc warlord, 2 orc high priests, a hellwing (summoned), an ice
devil (summoned), a sixfirhy (summoned), an orc sorcerer (strong, corroded) and
2 orc warriors.

Vanquished Creatures
  Harold (Lair:2)
  6 hydras
  A merfolk avatar (Lair:6)
  Erica (Lair:2)
  A two-headed ogre (D:6)
  5 death yaks
  An orc high priest (Orc:2)
  A sea snake (Lair:5)
  2 orc knights
  A harpy (Lair:6)
  4 orc sorcerers
  9 elephants
  A torpor snail (Lair:6)
  6 cane toads
  2 black mambas
  7 rime drakes
  2 kobold demonologists (D:11)
  8 komodo dragons
  4 trolls
  A jumping spider (Lair:3)
  A wind drake (Lair:6)
  3 hornets
  Grinder (D:4)
  7 polar bears
  4 dream sheep (Lair:5)
  16 blink frogs
  50 yaks
  A wraith (D:6)
  6 wyverns
  Sigmund (D:3)
  9 basilisks
  2 steam dragons
  4 wargs
  4 acid dragons
  21 water moccasins
  A sky beast (D:7)
  An ice beast (D:8)
  A hornet zombie (D:9)
  20 orc warriors
  An ogre (Orc:1)
  2 black bears
  4 wolves (Lair:4)
  4 centaurs
  A phantom (D:6)
  A kobold brigand (D:11)
  13 bullfrogs
  A gnoll sergeant (D:11)
  A water moccasin zombie (D:5)
  2 water moccasin skeletons (D:5)
  A killer bee (D:11)
  3 vampire bats (Lair:5)
  2 howler monkeys
  3 bullfrog zombies (D:5)
  7 centaur zombies
  A jelly (D:4)
  10 orc priests
  A hound (D:4)
  3 bullfrog skeletons
  A centaur skeleton (D:6)
  3 iguanas
  2 scorpion zombies (D:5)
  12 orc wizards
  2 hound zombies (D:5)
  2 hound skeletons
  4 mummies (Ossuary)
  A howler monkey zombie (D:9)
  Robin (D:3)
  A howler monkey skeleton (D:6)
  7 gnolls
  3 adders
  A white imp (D:7)
  An ufetubus (D:6)
  2 worms (D:2)
  5 dart slugs
  37 orcs
  7 endoplasms
  3 giant cockroaches
  2 gnoll zombies (Ossuary)
  4 hobgoblins
  4 jackals (D:5)
  12 kobolds
  5 quokkas
  3 ball pythons
  12 bats
  4 frilled lizards
  15 goblins
  A hobgoblin zombie (Ossuary)
  A kobold zombie (Ossuary)
  An orc zombie (Ossuary)
  6 rats
443 creatures vanquished.

Vanquished Creatures (collateral kills)
  2 two-headed ogres
  Nergalle (Lair:2)
  A manticore (D:11)
  A black mamba (Lair:4)
  A cane toad (Lair:4)
  A komodo dragon (Lair:5)
  A jumping spider (Lair:3)
  A troll (D:11)
  3 blink frogs
  4 yaks
  A water moccasin (Lair:2)
  A necrophage (D:4)
  4 mummies (Ossuary)
  2 goblins (D:4)
  A hobgoblin (D:4)
  A kobold zombie (Ossuary)
  2 orc zombies (Ossuary)
28 creatures vanquished.

Vanquished Creatures (others)
  An orc (Orc:1)
  54 fungi
  71 plants
  2 withered plants (D:5)
128 creatures vanquished.

Grand Total: 599 creatures vanquished

Notes
Turn   | Place    | Note
-------+----------+-------------------------------------------
     0 | D:1      | Kold the Demonspawn Monk began the quest for the Orb.
     0 | D:1      | Reached XP level 1. HP: 18/18 MP: 1/1
   310 | D:1      | Found a faded altar of an unknown god.
   328 | D:1      | Gained mutation: You have a pair of small antennae on your
                  | head. [demonic ancestry]
   328 | D:1      | Reached XP level 2. HP: 17/24 MP: 2/2
   954 | D:2      | Reached skill level 3 in Unarmed Combat
  1190 | D:2      | Reached XP level 3. HP: 10/29 MP: 3/3
  1536 | D:2      | Found Saamasho's Assorted Antiques.
  1539 | D:2      | You fall into a shaft and drop 1 floor!
  1539 | D:3      | Noticed Robin
  1586 | D:3      | Found a hide-covered altar of Uskayaw.
  1819 | D:3      | Found a bloodstained altar of Trog.
  1819 | D:3      | Found a burning altar of Makhleb.
  1819 | D:3      | Found a sparkling altar of Nemelex Xobeh.
  1829 | D:3      | Became a worshipper of Makhleb the Destroyer
  1829 | D:3      | Reached * piety under Makhleb
  1829 | D:3      | Reached ** piety under Makhleb
  2021 | D:3      | Killed Robin
  2022 | D:3      | Reached skill level 1 in Invocations
  2261 | D:3      | Reached skill level 4 in Unarmed Combat
  2261 | D:3      | Reached XP level 4. HP: 27/35 MP: 5/5
  2676 | D:3      | Noticed a black bear
  2682 | D:3      | Killed a black bear
  2683 | D:3      | Reached XP level 5. HP: 39/41 MP: 5/7
  2727 | D:3      | Found Jamocs's General Store.
  2743 | D:3      | Bought a scroll of teleportation for 39 gold pieces
  2967 | D:3      | Noticed Sigmund
  2981 | D:3      | Killed Sigmund
  2982 | D:3      | Reached skill level 5 in Unarmed Combat
  2982 | D:3      | Reached skill level 5 in Invocations
  2982 | D:3      | Gained mutation: You are partially covered in sharp spines.
                  | [demonic ancestry]
  2982 | D:3      | Reached XP level 6. HP: 37/47 MP: 7/9
  3909 | D:4      | Found a staircase to the Ecumenical Temple.
  4131 | D:4      | Reached *** piety under Makhleb
  4132 | D:4      | Gained mutation: You sometimes gain a little power by
                  | taking damage. [demonic ancestry]
  4132 | D:4      | Reached XP level 7. HP: 44/52 MP: 11/11
  4459 | D:4      | Identified the Incunabulum of Summoning and Ice
  4723 | D:4      | Noticed Grinder
  4729 | D:4      | Found a broken altar of Ashenzari.
  4735 | D:4      | Killed Grinder
  4736 | D:4      | Reached skill level 6 in Unarmed Combat
  5294 | D:4      | Found a shimmering altar of Xom.
  5455 | D:5      | Entered Level 5 of the Dungeon
  5881 | D:5      | Gained mutation: You have large cloven feet. [demonic
                  | ancestry]
  5881 | D:5      | Reached XP level 8. HP: 54/58 MP: 10/13
  6110 | D:5      | Reached skill level 7 in Unarmed Combat
  6147 | D:5      | Found Dewoten's Jewellery Shoppe.
  6397 | D:5      | Found Sikkeot's Magic Scroll Emporium.
  6419 | D:5      | Bought a scroll of magic mapping for 42 gold pieces
  6507 | D:5      | Found Acauxkow's Magic Scroll Shop.
  7100 | D:6      | Reached skill level 8 in Unarmed Combat
  7100 | D:6      | Reached skill level 10 in Invocations
  7468 | D:6      | Noticed a two-headed ogre
  7473 | D:6      | Killed a two-headed ogre
  7474 | D:6      | Reached XP level 9. HP: 64/65 MP: 16/16
  7528 | D:6      | Reached skill level 9 in Unarmed Combat
  8347 | D:7      | Reached **** piety under Makhleb
  8774 | D:7      | Found a shadowy altar of Dithmenos.
  8780 | D:7      | Paralysed by a hornet for 1 turns
  8781 | D:7      | Reached skill level 5 in Dodging
  8781 | D:7      | Reached skill level 10 in Unarmed Combat
  9422 | D:7      | Gained mutation: You are mostly covered in sharp spines.
                  | [demonic ancestry]
  9422 | D:7      | Reached XP level 10. HP: 37/71 MP: 9/17
  9984 | D:8      | Found an opulent altar of Gozag.
 10014 | D:8      | Found a sand-covered staircase.
 10029 | Ossuary  | Entered an ossuary
 10526 | D:8      | Found a hazy altar of Hepliaklqana.
 10601 | D:8      | Found Xonwumya's Weapon Emporium.
 10820 | D:8      | Identified the +3 leather armour of Leaves {rF++ Str-5}
 12394 | D:9      | Found a staircase to the Orcish Mines.
 12406 | D:9      | Reached skill level 11 in Unarmed Combat
 12522 | D:9      | Found a staircase to the Lair.
 12959 | D:10     | Entered Level 10 of the Dungeon
 13452 | D:10     | Found a shimmering blue altar of Sif Muna.
 13624 | D:10     | Noticed a two-headed ogre
 13631 | D:10     | Killed a two-headed ogre
 14130 | D:11     | Identified the +5 morningstar of Viny Courage {antimagic,
                  | rF+ rN+ Int+2}
 14264 | D:11     | Gained mutation: You have sharp fingernails. [demonic
                  | ancestry]
 14264 | D:11     | Reached XP level 11. HP: 77/77 MP: 18/18
 14411 | D:11     | Reached ***** piety under Makhleb
 14420 | D:11     | Noticed a sun demon
 14898 | D:11     | Found a portal to a secret trove of treasure.
 15031 | D:11     | Found Vuqeof's Magic Scroll Shoppe.
 15104 | D:11     | Noticed a two-headed ogre
 15133 | D:11     | Killed a two-headed ogre
 15134 | D:11     | Reached skill level 12 in Unarmed Combat
 15345 | Lair:1   | Entered Level 1 of the Lair of Beasts
 16225 | Lair:2   | Noticed Harold
 16235 | Lair:2   | Killed Harold
 16333 | Orc:1    | Entered Level 1 of the Orcish Mines
 16343 | Orc:1    | Noticed an orc knight
 16348 | Orc:1    | Noticed an orc sorcerer
 16475 | Lair:2   | Noticed a six-headed hydra
 16482 | Lair:2   | Killed a six-headed hydra
 16483 | Lair:2   | Noticed Nergalle
 16619 | Lair:2   | Noticed Erica
 16681 | Lair:2   | Killed Erica
 16682 | Lair:2   | Reached skill level 10 in Dodging
 16890 | Lair:2   | Reached skill level 13 in Unarmed Combat
 17081 | Lair:2   | Killed Nergalle
 17082 | Lair:2   | Reached XP level 12. HP: 39/81 MP: 19/19
 17546 | Lair:3   | Noticed a death yak
 17546 | Lair:3   | Noticed a death yak
 17639 | Lair:2   | Killed a death yak
 17869 | Lair:3   | Found a hole to the Spider Nest.
 17964 | Lair:3   | Noticed a death yak
 17966 | Lair:3   | Noticed a death yak
 17996 | Lair:3   | Noticed a death yak
 18099 | Lair:3   | Killed a death yak
 18157 | Lair:2   | Killed a death yak
 18339 | Lair:3   | Found a staircase to the Shoals.
 18527 | Lair:3   | Killed a death yak
 18534 | Lair:3   | Killed a death yak
 18902 | Lair:4   | Noticed an eight-headed hydra
 18952 | Lair:4   | Noticed a seven-headed hydra
 18962 | Lair:4   | Reached skill level 1 in Armour
 19018 | Lair:4   | Killed a seven-headed hydra
 19019 | Lair:4   | Reached skill level 14 in Unarmed Combat
 19160 | Lair:4   | Noticed a seven-headed hydra
 19587 | Lair:4   | Killed an eight-headed hydra
 19588 | Lair:4   | Gained mutation: You have hoof-like feet. [demonic
                  | ancestry]
 19588 | Lair:4   | Reached XP level 13. HP: 88/88 MP: 20/20
 20247 | Lair:5   | Reached skill level 5 in Armour
 21105 | Lair:5   | Identified a scroll of acquirement
 21105 | Lair:5   | Acquired 879 gold pieces
 21354 | D:5      | Bought a +6 ring of dexterity for 819 gold pieces
 21356 | D:5      | Bought a ring of willpower for 350 gold pieces
 21381 | D:5      | Bought a scroll of fog for 24 gold pieces
 21381 | D:5      | Bought a scroll of summoning for 114 gold pieces
 21886 | Lair:6   | Entered Level 6 of the Lair of Beasts
 22315 | Lair:6   | Reached skill level 15 in Unarmed Combat
 23265 | Lair:6   | Found a staircase to the Slime Pits.
 23265 | Lair:6   | Found a viscous altar of Jiyva.
 23583 | Lair:6   | Reached XP level 14. HP: 95/95 MP: 21/21
 24211 | Lair:6   | Identified the +11 rapier "Zuleufax" {drain, rC+ Str+2}
 24922 | Orc:1    | Paralysed by an orc sorcerer for 4 turns
 25555 | Orc:2    | Entered Level 2 of the Orcish Mines
 25622 | Orc:2    | Found a staircase to the Elven Halls.
 25671 | Orc:2    | Gained mutation: Your body sometimes deteriorates upon
                  | taking damage. [a neqoxec]
 25677 | Orc:2    | Gained mutation: Your magical capacity is low. (-10% MP) [a
                  | neqoxec]
 26051 | Orc:1    | Lost mutation: Your body sometimes deteriorates upon taking
                  | damage. [potion of mutation]
 26051 | Orc:1    | Lost mutation: Your magical capacity is low. (-10% MP)
                  | [potion of mutation]
 26051 | Orc:1    | Gained mutation: You are agile. (Dex +2) [potion of
                  | mutation]
 26073 | Orc:2    | Found Fenguwa's Antique Armour Boutique.
 26153 | Orc:2    | Found Cigeis's Book Shoppe.
 26288 | Orc:2    | Bought a cloak for 117 gold pieces
 26288 | Orc:2    | Noticed an orc warlord
 26297 | Orc:2    | Paralysed by an orc sorcerer for 6 turns
 26301 | Orc:2    | Slain by a sixfirhy

Illustrated notes

Levels and vault maps discovered:
D:1:      minmay_arrival_plants_in_alcoves, layout_loops_cross,
          hellmonk_ecumenical_altar_leap_of_faith, solitary_fountain,
          chequers_serial_rivers_room_b, item_on_display_b
D:2:      layout_basic, serial_shops, nicolae_shop_overgrown_old_shop
D:3:      layout_basic, gammafunk_temple_overflow_claw,
          nicolae_overflow_crystal_walls, serial_shops, nicolae_shop_stone,
          chequers_big_river, uniq_robin, uniq_sigmund
D:4:      kennysheep_the_goblin_king, layout_layer_cave, old_standard_altar,
          marbit_many_paths, temple_pool_b, uniq_grinder
D:5:      layout_cave_pools, serial_shops, shop, shop, kennysheep_mini,
          serial_undead, serial_undead_b, serial_undead_a, serial_undead_d,
          serial_undead_d, minivault_23, hex_medium
D:6:      layout_layer_cave
D:7:      layout_gridville, nicolae_dithmenos_the_darkroom
D:8:      layout_loops_corners, nicolae_gozag_cash_rules_everything_around_me,
          lemuel_doored_altar, serial_aquarium, aquarium_bridge_straight
          [aquarium_subvault_bridge, aquarium_subvault_window,
          aquarium_subvault_bridge, aquarium_subvault_wall],
          aquarium_bridge_long_separate [aquarium_subvault_bridge,
          aquarium_subvault_bridge, aquarium_subvault_wall,
          aquarium_subvault_window, aquarium_subvault_bridge,
          aquarium_subvault_bridge], aquarium_window_1, aquarium_window_1,
          aquarium_window_fake, aquarium_view_2c, aquarium_view_2e,
          aquarium_balcony_1b, nicolae_ossuary_entry_monument, serial_shops,
          shop_fountains
D:9:      layout_big_octagon, lair_entry_dummy, dk_noncrumbling_3, minivault_19,
          serial_bayou_ford_a
D:10:     layout_rooms, kennysheep_orc_sif_temple
D:11:     layout_roguey, nicolae_trove_entry_crossroad, serial_shops,
          kennysheep_little_box, hangedman_abyss_or_decor_slice,
          kennysheep_generic_room_3
Lair:1:   layout_loops_ring
Lair:2:   layout_hall_layers, st_stairs_13, nicolae_lair_grove_arrangements,
          minmay_holes, uniq_harold, uniq_erica, uniq_nergalle
Lair:3:   layout_regular_city, elwin_shoals_entry_rocks,
          spider_nest_entry_funnel_web
Lair:4:   layout_cave_pods, kennysheep_basilisk_garden
Lair:5:   layout_small_grid, roderic_batcave
Lair:6:   gammafunk_lair_ancient_temple, layout_loops_ring, slime_altar_1
Orc:1:    layout_caves
Orc:2:    grunt_orc_gardens, layout_caves, grunt_orc_garden, grunt_orc_garden,
          grunt_orc_garden, grunt_orc_garden, lightli_orcish_oven

Skill      XL: |  1  2  3  4  5  6  7  8  9 10 11 12 13 |
---------------+----------------------------------------+-----
Stealth        | 2 |  2.0
Dodging        | 3 5 8 10 11 13 | 13.8
Unarmed Combat | 3 4 5 6 8 10 11 13 14 15 | 15.7
Invocations    | 2 3 5 7 10 | 10.0
Fighting       | 4 |  4.2
Armour         | 4 5 |  5.0

Action                   |  1- 3 |  4- 6 |  7- 9 | 10-12 | 13-15 || total
-------------------------+-------+-------+-------+-------+-------++-------
Melee: Unarmed           |   118 |    49 |   173 |   416 |   425 ||  1181
       Punch             |       |       |    11 |    34 |    44 ||    89
       Kick              |       |       |    39 |   101 |       ||   140
Invok: Minor Destruction |     2 |    28 |    88 |   222 |   166 ||   506
       Lesser Servant of |       |       |     2 |    20 |     7 ||    29
       Major Destruction |       |       |       |     6 |     9 ||    15
Evoke: Wand              |     3 |     6 |       |     1 |     1 ||    11
       Lightning rod     |       |       |       |     3 |     1 ||     4
  Use: Potion            |     2 |       |       |     6 |     4 ||    12
       Scroll            |     2 |       |       |    15 |     5 ||    22
 Stab: Distracted        |     1 |       |       |     3 |     2 ||     6
       Sleeping          |       |     3 |     3 |     5 |       ||    11
Armor: Robe              |    25 |     4 |    38 |       |       ||    67
       Steam dragon scal |       |       |       |    29 |    26 ||    55
       Troll leather arm |       |       |       |    20 |    24 ||    44
Dodge: Dodged            |    82 |    27 |   146 |   281 |   411 ||   947
Block: Other             |       |       |       |    82 |   102 ||   184
       Reflection        |       |       |       |     3 |     3 ||     6

Table legend: (Time is in decaauts)
 A = Elapsed time spent in this place.
 B = Non-inter-level travel time spent in this place.
 C = Inter-level travel time spent in this place.
 D = Time resting spent in this place.
 E = Time spent auto-exploring this place.
 F = Levels seen in this place.
 G = Mean time per level.
                   A        B        C        D        E       F      G
               +--------+--------+--------+--------+--------+-----+--------+
         Total |  26231 |  23491 |   2740 |   6968 |  11862 |  20 | 1311.6 |
       Dungeon |  16198 |  14594 |   1604 |   4825 |   7493 |  11 | 1472.5 |
          Lair |   8581 |   7538 |   1043 |   1791 |   3889 |   6 | 1430.2 |
  Orcish Mines |   1255 |   1163 |     92 |    352 |    362 |   2 |  627.5 |
       Ossuary |    197 |    197 |      0 |      0 |    117 |   1 |  197.0 |
               +--------+--------+--------+--------+--------+-----+--------+

Top non-repeatable levels by time:
     D:9: 2361 daAuts
     D:4: 2209 daAuts
     D:7: 1973 daAuts
     D:3: 1826 daAuts
  Lair:6: 1813 daAuts
  Lair:5: 1756 daAuts
     D:8: 1436 daAuts
     D:6: 1386 daAuts
  Lair:1: 1331 daAuts
  Lair:4: 1270 daAuts
  Lair:3: 1257 daAuts
    D:11: 1220 daAuts
     D:2: 1200 daAuts
  Lair:2: 1152 daAuts
     D:1: 924 daAuts
